 Dungeon Crawl Stone Soup version 0.17.1-3-g152610e (webtiles) character file.

57 F1L1N the Ruffian (level 3, -11/37 HPs)
             Began as a Troll Berserker on Feb 18, 2016.
             Was a Follower of Trog.
             Mangled by a kobold
             ... wielding a +2 short sword of electrocution
              (20 damage)
             ... on level 2 of the Dungeon.
             The game lasted 00:02:39 (1133 turns).

F1L1N the Ruffian (Troll Berserker)                 Turns: 1133, Time: 00:02:40

Health: -11/37     AC:  5    Str: 26    XL:     3   Next: 73%
Magic:  2/2        EV: 10    Int:  3    God:    Trog [*.....]
Gold:   61         SH:  0    Dex:  9    Spells: 0 memorised, 2 levels left

rFire  . . .     SeeInvis .       - Unarmed
rCold  . . .     Clarity  .     a - +0 animal skin
rNeg   . . .     SustAt   .     (no shield)
rPois  .         Gourm    +     (helmet restricted)
rElec  .         Spirit   .     (no cloak)
rCorr  .         Warding  .     (gloves unavailable)
rMut   .         Stasis   .     (boots unavailable)
MR     .....                    (no amulet)
Stlth  +.........               (no ring)
                                (no ring)

@: lethally poisoned (-11 -> -12), not resistant to hostile enchantments, very
unstealthy
A: unfitting armour, claws 3, fast metabolism 3, gourmand, regeneration 2,
shaggy fur 1, tough skin 2
a: Berserk, Burn Spellbooks, Renounce Religion


You were on level 2 of the Dungeon.
You worshipped Trog.
Trog was aware of your devotion.
You were completely stuffed.

You visited 1 branch of the dungeon, and saw 2 of its levels.

You collected 61 gold pieces.

Inventory:

Armour
 a - a +0 animal skin (worn)
Jewellery
 i - an uncursed ring of see invisible {unknown}
Wands
 k - a wand of digging (13)
Scrolls
 d - 3 scrolls of identify {unknown}
 e - a scroll of remove curse {unknown}
 g - a scroll of random uselessness {unknown}
 h - a scroll of recharging {unknown}
 l - a scroll of fog {unknown}
Potions
 c - 3 potions of curing {unknown}
 f - a potion of invisibility {unknown}
Comestibles
 b - 3 bread rations
 j - 2 chunks of flesh


   Skills:
 + Level 3.0 Fighting
 + Level 3.0 Dodging
 + Level 3.5 Unarmed Combat


You had 2 spell levels left.
You didn't know any spells.

Dungeon Overview and Level Annotations

Branches:
Dungeon (2/15)

Altars:
Okawaru


Innate Abilities, Weirdness & Mutations

You are too large for most types of armour.
You have claws for hands.
Your metabolism is lightning-fast.
You like to eat raw meat.
You heal very quickly.
You are covered in fur (AC +1).
You have very tough skin (AC +2).


Message History

You are too injured to fight recklessly!
You are too injured to fight recklessly!
You are too injured to fight recklessly!
You are too injured to fight recklessly!
You are too injured to fight recklessly!
You are too injured to fight recklessly!
You are too injured to fight recklessly!
You are too injured to fight recklessly!
You are too injured to fight recklessly!
You are too injured to fight recklessly!
You are too injured to fight recklessly!
You are too injured to fight recklessly!
You are too injured to fight recklessly!
You are too injured to fight recklessly!
You are too injured to fight recklessly!
You closely miss the kobold.
The kobold is severely wounded.
The kobold hits you but does no damage.
You are electrocuted!
Ouch! That really hurt!
You die...

#.......'...'.......# ##
#.......#...#.......# #
##.....##...##.....######
##...###...###...## #...
##### #...# ##### #...
##...# #...###...## #...
#.....##...##.....###...
.......#...#.......##...
..$....@...'.†..[..##...
......K#...#.......##...
#.....##...##.....###...
##...# #...###...## ###
#### #...# ##### #...#
#...# #...#


You could see a kobold.

Vanquished Creatures
  3 adders (D:2)
  An ooze (D:1)
  6 bats
  A giant cockroach (D:1)
  4 hobgoblins
  4 giant newts
  3 goblins
  5 rats
27 creatures vanquished.

Notes
Turn   | Place    | Note
--------------------------------------------------------------
     0 | D:1      | F1L1N the Troll Berserker began the quest for the Orb.
     0 | D:1      | Reached XP level 1. HP: 22/22 MP: 0/0
   495 | D:1      | Reached XP level 2. HP: 29/29 MP: 1/1
   910 | D:2      | Found an iron altar of Okawaru.
   932 | D:2      | Reached XP level 3. HP: 17/36 MP: 2/2
  1133 | D:2      | Mangled by a kobold

Action                   || total
-------------------------++-------
Melee: Unarmed           ||    69
  Eat: Chunk             ||    16
